Map: Abyssal Reef LE

Players

xKawaiian - Winner!

  • Race: Terran Terran
  • Spawn Location: 11:00

NonY

  • Race: Protoss Protoss
  • Spawn Location: 5:00

Event: WCS Austin 2017

VOD

Have the link to the VOD?

Description

Time

  • Played on: April 28, 2017, 4:50 p.m.
  • Length: 6:05

All games in this series

Show
View Real Time Build Order
Export as new Build Order

xKawaiian Terran - Winner!

Build Orders: 1/1/1, Liberator Opening 

Get SALT Encoding   

  12  0:00  SCV  
  13  0:12  SCV  
  14  0:17  Supply Depot  
  14  0:25  SCV  
  15  0:32  Refinery  
  15  0:39  SCV  
  16  0:44  Barracks  
  16  0:51  SCV  
  17  1:03  SCV  
  18  1:15  SCV  
  19  1:33  Factory  
  19  1:34  Marine, Orbital Command  
  19  1:36  Supply Depot  
  20  1:42  Refinery  
  20  1:52  Barracks Reactor  
  20  2:00  SCV  
  21  2:12  SCV  
  22  2:18  Widow Mine  
  24  2:22  Starport  
  24  2:24  SCV  
  24  2:27  Supply Depot  
  24  2:28  Marine x2  
  27  2:36  SCV  
  28  2:46  Marine x2  
  28  2:48  Widow Mine  
  28  2:50  Supply Depot  
  32  2:59  SCV  
  32  3:00  Medivac  
  32  3:04  Marine x2  
  37  3:15  Liberator  
  37  3:17  Engineering Bay  
  37  3:18  Factory Tech Lab, Supply Depot  
  37  3:24  Marine  
  37  3:25  Marine  
  42  3:43  Siege Tank  
  42  3:47  Missile Turret  
  43  3:57  Marine x2  
  46  4:11  Supply Depot  
  46  4:15  Marine x2  
  48  4:17  Siege Tank  
  50  4:24  Liberator  
  50  4:36  Missile Turret  
  53  4:51  Marine x2  
  53  5:08  Marine  
  53  5:09  Siege Tank, Marine  
  49  5:26  Marine x2  
  50  5:44  Marine x2  
Show
View Real Time Build Order
Export as new Build Order

NonY Protoss 

Build Orders: 1 Gate Expand 

Get SALT Encoding   

  12  0:00  Probe (Chrono Boost)  
  13  0:11  Probe (Chrono Boost)  
  14  0:17  Pylon  
  14  0:22  Probe (Chrono Boost)  
  14  0:28  Assimilator  
  15  0:35  Probe (Chrono Boost)  
  16  0:42  Gateway  
  16  0:47  Probe (Chrono Boost)  
  17  0:57  Probe (Chrono Boost)  
  18  1:08  Probe (Chrono Boost)  
  19  1:20  Nexus  
  19  1:22  Probe (Chrono Boost)  
  20  1:32  Cybernetics Core  
  20  1:35  Probe (Chrono Boost)  
  21  1:40  Assimilator  
  21  1:45  Probe (Chrono Boost)  
  22  1:49  Pylon  
  22  1:56  Probe (Chrono Boost)  
  22  1:57  Warp Gate  
  23  2:05  Adept  
  26  2:09  Probe (Chrono Boost)  
  26  2:21  Probe (Chrono Boost)  
  26  2:22  Robotics Facility  
  27  2:32  Probe (Chrono Boost)  
  27  2:33  Probe (Chrono Boost)  
  27  2:35  Adept  
  31  2:42  Probe (Chrono Boost)  
  33  2:45  Probe (Chrono Boost)  
  33  2:51  Gateway  
  33  2:54  Probe (Chrono Boost)  
  33  2:57  Probe (Chrono Boost)  
  35  3:02  Gateway  
  35  3:04  Sentry  
  37  3:07  Probe (Chrono Boost)  
  37  3:09  Observer  
  41  3:20  Mothership Core (Chrono Boost), Pylon  
  41  3:28  Gateway  
  41  3:30  Immortal  
  41  3:31  Probe (Chrono Boost)  
  46  3:59  Probe (Chrono Boost)  
  46  4:00  Probe (Chrono Boost)  
  48  4:05  Twilight Council  
  48  4:08  Stalker x2  
  52  4:11  Pylon  
  54  4:23  Zealot  
  54  4:27  Gateway  
  54  4:28  Gateway  
  54  4:29  Gateway  
  54  4:31  Pylon  
  54  4:37  Pylon  
  54  4:39  Zealot x2  
  54  4:40  Zealot  
  54  4:48  Pylon  
  54  4:50  Zealot, Pylon  
  54  4:51  Zealot x3  
  39  5:14  Stalker x2  
  39  5:15  Stalker x2  
  37  5:39  Zealot x4  
  42  5:42  Stalker  
  42  5:43  Stalker  
Tags
 
Add a new tag
Caveats
  • Supply blocks, unpowered buildings, or Contaminate may cause inaccurate times.
  • Supply counts are checked every 10 seconds.